 Dungeon Crawl Stone Soup version 0.30-b1-2-g02819fbbbe (webtiles) character file.

Game seed: 17315084294469472585

5306 Fartwhistle the Skirmisher (level 10, -8/70 (79) HPs)
             Began as a Gnoll Hunter on Oct 23, 2023.
             Was an Initiate of Gozag.
             Killed from afar by a starcursed mass (15 damage)
             ... with an accursed screaming
             ... on level 3 of the Abyss.
             The game lasted 00:26:49 (8931 turns).

Fartwhistle the Skirmisher (Gnoll Hunter)           Turns: 8931, Time: 00:26:49

HP:   -8/70 (79)    AC: 10    Str: 13      XL:     10   Next: 64%
MP:   18/18         EV: 30    Int: 10      God:    Gozag
Gold: 1160          SH:  0    Dex: 15 (16) Spells: 9/20 levels left

rFire   + . .        T - +0 arbalest
rCold   + . .        (shield currently unavailable)
rNeg    . . .        c - +0 leather armour
rPois   +            Q - +0 helmet
rElec   .            J - scarf {rC+ rF+}
rCorr   .            (no gloves)
SInv    .            P - +0 pair of boots
Will    .....        n - amulet of the acrobat
Stlth   +++          o - ring of poison resistance
HPRegen 0.31/turn    q - +4 ring of protection
MPRegen 0.16/turn

%: random rage (9%), acrobat
@: acrobatic, heavily drained
A: fangs 1, strong nose, distributed training, [berserk 2], [deterioration 2],
[subdued magic 2]
a: Renounce Religion, Potion Petition, Call Merchant, Bribe Branch


You were on level 3 of the Abyss.
You worshipped Gozag.
Gozag was most pleased with you.
You visited 1 branch of the dungeon, and saw 8 of its levels.
You visited the Abyss 1 time.
You also visited: Ossuary.

You collected 1165 gold pieces.
You paid 5 gold pieces to Gozag.

Inventory:

Hand Weapons
 a - a +0 shortbow
 g - a +2 whip of pain
 T - a +0 arbalest (weapon)
Missiles
 e - 8 boomerangs
 y - 3 javelins
 D - 17 poisoned darts
Armour
 c - a +0 leather armour (worn)
 v - a +2 buckler
 J - a scarf of resistance (worn)
 P - a +0 pair of boots (worn)
 Q - a +0 helmet (worn)
Jewellery
 f - a ring of protection from fire
 n - an amulet of the acrobat (around neck)
 o - a ring of poison resistance (left hand)
 q - a +4 ring of protection (right hand)
 w - a +6 ring of intelligence
 K - a ring of protection from fire
 L - a ring of fire
 S - an amulet of magic regeneration
 V - a ring of ice
 W - a ring of magical power
Wands
 N - a wand of iceblast (6)
Scrolls
 b - 4 scrolls of immolation
 i - a scroll of fear
 l - 3 scrolls of amnesia {unknown}
 m - 2 scrolls of fog {unknown}
 p - a scroll of torment
 r - a scroll of enchant armour {unknown}
 t - a scroll of teleportation
 u - 4 scrolls of noise
 B - 3 scrolls of poison
 M - 2 scrolls of vulnerability {unknown}
 O - 2 scrolls of silence {unknown}
 R - a scroll of blinking {unknown}
 U - a scroll of identify
Potions
 d - 2 potions of resistance
 h - 8 potions of curing
 j - 3 potions of attraction
 k - 2 potions of lignification {unknown}
 s - 2 potions of heal wounds
 x - 2 potions of haste {unknown}
 z - 2 potions of invisibility
 A - 5 potions of might {unknown}
 C - a potion of brilliance {unknown}
 E - 2 potions of berserk rage
 F - 3 potions of cancellation {unknown}
 G - 3 potions of flight {unknown}
 H - 4 potions of ambrosia {unknown}
 I - a potion of mutation {unknown}


   Skills:
 + Level 7.4 Fighting
 + Level 5.6 Short Blades
 + Level 5.6 Long Blades
 + Level 5.6 Axes
 + Level 5.6 Maces & Flails
 + Level 5.6 Polearms
 + Level 5.6 Staves
 + Level 10.3 Ranged Weapons
 + Level 5.6 Throwing
 + Level 5.6 Armour
 + Level 7.4 Dodging
 + Level 6.2 Stealth
 + Level 5.6 Shields
 + Level 5.6 Unarmed Combat
 + Level 5.6 Spellcasting
 + Level 4.7 Conjurations
 + Level 4.7 Hexes
 + Level 4.7 Summonings
 + Level 4.7 Necromancy
 + Level 4.7 Translocations
 + Level 4.7 Transmutations
 + Level 4.7 Fire Magic
 + Level 4.7 Ice Magic
 + Level 4.7 Air Magic
 + Level 4.7 Earth Magic
 + Level 4.7 Poison Magic
 + Level 6.2 Invocations
 + Level 5.6 Evocations


You had 9 spell levels left.
You knew the following spells:

 Your Spells              Type           Power      Damage    Failure   Level
a - Poisonous Vapours     Pois/Air       14%        N/A       3%          2
b - Mephitic Cloud        Conj/Pois/Air  7%         N/A       8%          3
c - Call Canine Familiar  Summ           7%         N/A       8%          3
d - Summon Guardian Gole  Hex/Summ       7%         N/A       8%          3

Your spell library contained the following spells:

 Spells                   Type           Power      Damage    Failure   Level
 Magic Dart               Conj           28%        1d4       1%          1
 Shock                    Conj/Air       28%        1d4       1%          1
 Summon Small Mammal      Summ           28%        N/A       1%          1
 Call Imp                 Summ           14%        N/A       3%          2
 Ensorcelled Hibernation  Hex/Ice        14%        N/A       3%          2
 Passwall                 Tmut/Erth      5%         N/A       3%          2
 Inner Flame              Hex/Fire       7%         N/A       8%          3
 Swiftness                Air            7%         N/A       8%          3
 Airstrike                Air            3%         2d(1-17)  28%         4
 Freezing Cloud           Conj/Ice/Air   3%         6-21      63%         5
 Yara's Violent Unravell  Hex/Tmut       3%         3d4       63%         5
 Enfeeble                 Hex            3%         N/A       100%        7
 Borgnjor's Revivificati  Necr           3%         N/A       100%        8
 Necromutation            Tmut/Necr      3%         N/A       100%        8
 Death's Door             Necr           3%         N/A       100%        9


Dungeon Overview and Level Annotations

Branches:
Dungeon (8/15)             Temple (0/1) D:7         Ossuary (visited)
   Lair: D:8-11

Altars:
Cheibriados
Dithmenos
Elyvilon
Fedhas
Gozag
Hepliaklqana
Makhleb
Vehumet
Zin

Annotations:
D:3 exclusion: statue
D:7 exclusions: downstairs and 2 more exclusions, Joseph
D:8 Psyche


Innate Abilities, Weirdness & Mutations

You have very sharp teeth.
Your uncanny sense of smell can sniff out nearby items.
Your experience applies equally to all skills.
[You have an uncontrollable temper.]
[Your body often deteriorates upon taking damage.]
[Your spells are easier to cast, but less powerful.]


Message History

Found a gateway leading deeper into the Abyss.
There is a gateway leading deeper into the Abyss here.
You start resting.
A necromancer, a bunyip skeleton and 2 naga warrior skeletons come into view.
You plunge deeper into the Abyss.
The abyssal rune of Zot can be found at this depth.
A chaos spawn comes into view.
You are too injured to fight recklessly!
You are too injured to fight recklessly!
You are too injured to fight recklessly!
The chaos spawn hisses angrily.
A starcursed mass splits.
A starcursed mass splits.
A starcursed mass splits.
A wretched star comes into view.
The wretched star pulses with an eldritch light!
You feel yourself wasting away.
You feel your body start to fall apart.
A starcursed mass splits.
A deafening chorus of shrieks assaults your mind!
Found a corrupted altar of Lugonu.
The wretched star pulses with an eldritch light!
You feel a little pissed off.
You feel extremely angry at everything!
A starcursed mass splits. x2
A deafening chorus of shrieks assaults your mind!
* * * LOW HITPOINT WARNING * * *
You suddenly lose the ability to move!
A starcursed mass splits.
You can move again.
A starcursed mass splits.
Found a corrupted altar of Lugonu.
The wretched star pulses with an eldritch light!
Your connection to magic feels subdued.
Your connection to magic feels more subdued.
A cacophony of accursed wailing tears at your sanity!
* * * LOW HITPOINT WARNING * * *
Your body deteriorates!
You feel clumsy.
A small abomination comes into view.
A chaos spawn comes into view.
A starcursed mass splits.
A deafening chorus of shrieks assaults your mind!
You die...
Your body crumbles into a pile of gold.

..#..§....#....
...............
#§........#...#
............#..
......#........
.....§_........
.#........#....
.......@..4...#
.._.§..*.......
..........§....
...............
.....#.........
....#XX#X......
......X........
...#X..XX.....#
....X..4.......


You could see 6 starcursed masses, a wretched star and a chaos spawn
(wandering).

Vanquished Creatures
  A two-headed ogre (D:8)
  2 hornets (D:8)
  A harpy skeleton (Abyss:2)
  A wyvern (D:8)
  A steam dragon (D:8)
  A water moccasin (D:5)
  A black bear (D:6)
  An ice beast (D:4)
  4 orc warriors
  3 ogres
  3 centaurs
  A phantom (D:6)
  A kobold brigand (D:7)
  3 elf zombies (Ossuary)
  6 bullfrogs
  3 scorpions (D:6)
  3 wights (Abyss:2)
  5 killer bees (D:8)
  A howler monkey (D:5)
  4 centaur zombies (Ossuary)
  3 hounds
  3 orc priests (D:8)
  5 human zombies (Ossuary)
  2 iguanas
  3 orc wizards (D:8)
  A small abomination (Abyss:2)
  3 mummies (Ossuary)
  7 adders
  A shadow imp (D:8)
  A white imp (D:8)
  2 ufetubi
  2 worms (D:4)
  3 dart slugs
  20 orcs
  5 bats
  6 endoplasms
  3 giant cockroaches (D:1)
  8 hobgoblins
  A quokka (D:1)
  10 ball pythons
  5 frilled lizards
  5 goblins
  10 kobolds
  5 rats
160 creatures vanquished.

Vanquished Creatures (collateral kills)
  Sigmund (D:3)
  An orc warrior (D:8)
  An ice beast (D:6)
  An ogre (D:4)
  A jelly (D:7)
  A sleepcap (D:8)
  An orc wizard (D:6)
  3 kobolds (D:7)
10 creatures vanquished.

Vanquished Creatures (others)
  A small abomination (Abyss:2)
  A bullfrog (D:8)
  A killer bee (D:8)
  An orc (D:8)
  A lurking horror (Abyss:2)
  2 starspawn tentacles (Abyss:2)
7 creatures vanquished.

Grand Total: 177 creatures vanquished

Notes
Turn   | Place    | Note
-------+----------+-------------------------------------------
     0 | D:1      | Fartwhistle the Gnoll Hunter began the quest for the Orb.
     0 | D:1      | Reached XP level 1. HP: 20/20 MP: 1/1
   129 | D:1      | Reached XP level 2. HP: 26/26 MP: 2/2
   218 | D:1      | Found a faded altar of an unknown god.
   584 | D:1      | Reached XP level 3. HP: 28/31 MP: 3/3
   665 | D:1      | Reached skill level 1 in Invocations
   952 | D:2      | Reached skill level 1 in Short Blades
   952 | D:2      | Reached skill level 1 in Long Blades
   952 | D:2      | Reached skill level 1 in Axes
   952 | D:2      | Reached skill level 1 in Maces & Flails
   952 | D:2      | Reached skill level 1 in Polearms
   952 | D:2      | Reached skill level 1 in Staves
   952 | D:2      | Reached skill level 1 in Throwing
   952 | D:2      | Reached skill level 1 in Armour
   952 | D:2      | Reached skill level 1 in Shields
   952 | D:2      | Reached skill level 1 in Unarmed Combat
   952 | D:2      | Reached skill level 1 in Spellcasting
   952 | D:2      | Reached skill level 1 in Evocations
  1104 | D:2      | Reached XP level 4. HP: 31/38 MP: 5/5
  1174 | D:2      | Found an opulent altar of Gozag.
  1274 | D:2      | Became a worshipper of Gozag Ym Sagoz the Greedy
  1395 | D:3      | Noticed Sigmund
  1442 | D:3      | Found a burning altar of Makhleb.
  1617 | D:3      | Reached skill level 1 in Conjurations
  1617 | D:3      | Reached skill level 1 in Hexes
  1617 | D:3      | Reached skill level 1 in Summonings
  1617 | D:3      | Reached skill level 1 in Necromancy
  1617 | D:3      | Reached skill level 1 in Translocations
  1617 | D:3      | Reached skill level 1 in Transmutations
  1617 | D:3      | Reached skill level 1 in Fire Magic
  1617 | D:3      | Reached skill level 1 in Ice Magic
  1617 | D:3      | Reached skill level 1 in Air Magic
  1617 | D:3      | Reached skill level 1 in Earth Magic
  1617 | D:3      | Reached skill level 1 in Poison Magic
  2332 | D:3      | Found a radiant altar of Vehumet.
  2333 | D:3      | Noticed a frost-covered statue
  2364 | D:3      | Found a snail-covered altar of Cheibriados.
  2364 | D:3      | Found a shadowy altar of Dithmenos.
  2549 | D:4      | Found a hazy altar of Hepliaklqana.
  2706 | D:4      | Noticed an ogre
  2712 | D:4      | Killed an ogre
  2713 | D:4      | Reached XP level 5. HP: 31/43 MP: 5/7
  3050 | D:4      | Found a glowing silver altar of Zin.
  3051 | D:4      | Noticed an angel
  3199 | D:5      | Entered Level 5 of the Dungeon
  3199 | D:5      | Noticed an ogre
  3224 | D:5      | Found a sand-covered staircase.
  3233 | Ossuary  | Entered an ossuary
  3248 | Ossuary  | Reached XP level 6. HP: 42/50 MP: 8/8
  3266 | Ossuary  | Reached skill level 5 in Fighting
  3266 | Ossuary  | Reached skill level 5 in Dodging
  3400 | Ossuary  | Reached XP level 7. HP: 49/56 MP: 10/10
  3518 | Ossuary  | Reached skill level 9 in Ranged Weapons
  3837 | D:4      | Reached XP level 8. HP: 52/63 MP: 12/12
  4328 | D:3      | Learned a level 2 spell: Poisonous Vapours
  4332 | D:3      | Learned a level 3 spell: Mephitic Cloud
  4336 | D:3      | Learned a level 3 spell: Call Canine Familiar
  4465 | D:3      | Killed Sigmund
  5121 | D:6      | Found a white marble altar of Elyvilon.
  5411 | D:6      | Reached XP level 9. HP: 66/69 MP: 14/14
  6508 | D:7      | Found a staircase to the Ecumenical Temple.
  6510 | D:7      | Noticed Joseph
  6603 | D:7      | Reached skill level 5 in Stealth
  6616 | D:7      | Found a blossoming altar of Fedhas.
  6846 | D:8      | Noticed a two-headed ogre
  6877 | D:7      | Learned a level 3 spell: Summon Guardian Golem
  7015 | D:8      | Reached skill level 5 in Invocations
  7071 | D:8      | Noticed a hornet
  7080 | D:8      | Paralysed by a hornet for 2 turns
  7084 | D:8      | Killed a hornet
  7453 | D:8      | Noticed a hornet
  7467 | D:8      | Noticed a deep elf pyromancer
  7550 | D:8      | Reached skill level 5 in Short Blades
  7550 | D:8      | Reached skill level 5 in Long Blades
  7550 | D:8      | Reached skill level 5 in Axes
  7550 | D:8      | Reached skill level 5 in Maces & Flails
  7550 | D:8      | Reached skill level 5 in Polearms
  7550 | D:8      | Reached skill level 5 in Staves
  7550 | D:8      | Reached skill level 5 in Throwing
  7550 | D:8      | Reached skill level 5 in Armour
  7550 | D:8      | Reached skill level 5 in Shields
  7550 | D:8      | Reached skill level 5 in Unarmed Combat
  7550 | D:8      | Reached skill level 5 in Spellcasting
  7550 | D:8      | Reached skill level 5 in Evocations
  7550 | D:8      | Reached XP level 10. HP: 77/77 MP: 17/17
  7565 | D:8      | Reached skill level 10 in Ranged Weapons
  8072 | D:8      | Killed a two-headed ogre
  8138 | D:8      | Noticed a skeletal warrior
  8454 | D:8      | Noticed Psyche
  8459 | Abyss:2  | Cast into level 2 of the Abyss (Psyche)
  8492 | Abyss:2  | Found a corrupted altar of Lugonu.
  8507 | Abyss:2  | Noticed a thrashing horror
  8518 | Abyss:2  | Noticed a tentacled starspawn
  8698 | Abyss:2  | Noticed a thrashing horror
  8701 | Abyss:2  | Noticed a thrashing horror
  8706 | Abyss:2  | Noticed a harpy
  8739 | Abyss:2  | Found a corrupted altar of Lugonu.
  8850 | Abyss:2  | Noticed a tentacled starspawn
  8866 | Abyss:2  | Found a corrupted altar of Lugonu.
  8891 | Abyss:2  | Noticed a necromancer
  8915 | Abyss:3  | Noticed a starcursed mass
  8922 | Abyss:3  | Noticed a wretched star
  8923 | Abyss:3  | Found a corrupted altar of Lugonu.
  8924 | Abyss:3  | Paralysed by accursed screaming for 1 turns
  8926 | Abyss:3  | Found a corrupted altar of Lugonu.
  8931 | Abyss:3  | Killed from afar by a starcursed mass

Illustrated notes

Levels and vault maps discovered:
D:1:      dpeg_arrival_arbitrary_a, layout_loops_ring, basic_ecumenical_altar,
          chequers_avenue, nicolae_figureground_pulse
D:2:      layout_basic, basic_altar
D:3:      layout_basic, bloody_makhleb, gammafunk_temple_overflow_wave,
          vehumet_statue, minmay_pentomino_pile, uniq_sigmund
D:4:      layout_basic, zin_angel, nicolae_hepliaklqana_hippocampus
D:5:      layout_loops_ring, enter_ossuary_1
D:6:      layout_cave_pools, mainiacjoe_overflow_24_doors
D:7:      layout_rooms, mainiacjoe_overflow_alcove_2,
          minmay_temple_entry_antechambers, hangedman_decor_points, uniq_joseph
D:8:      cheibrodos_ideogram_h, layout_basic,
          nicolae_uskayaw_murder_on_the_dancefloor, uniq_psyche
Abyss:3

Skill      XL: |  1  2  3  4  5  6  7  8  9 10 |
---------------+-------------------------------+-----
Invocations    | 1 2 3 4 5 6 |  6.2
Short Blades   | 1 2 3 5 |  5.6
Long Blades    | 1 2 3 5 |  5.6
Axes           | 1 2 3 5 |  5.6
Maces & Flails | 1 2 3 5 |  5.6
Polearms       | 1 2 3 5 |  5.6
Staves         | 1 2 3 5 |  5.6
Throwing       | 1 2 3 5 |  5.6
Armour         | 1 2 3 5 |  5.6
Shields        | 1 2 3 5 |  5.6
Unarmed Combat | 1 2 3 5 |  5.6
Spellcasting   | 1 2 3 5 |  5.6
Evocations     | 1 2 3 5 |  5.6
Conjurations   | 1 2 3 4 |  4.7
Hexes          | 1 2 3 4 |  4.7
Summonings     | 1 2 3 4 |  4.7
Necromancy     | 1 2 3 4 |  4.7
Translocations | 1 2 3 4 |  4.7
Transmutations | 1 2 3 4 |  4.7
Fire Magic     | 1 2 3 4 |  4.7
Ice Magic      | 1 2 3 4 |  4.7
Air Magic      | 1 2 3 4 |  4.7
Earth Magic    | 1 2 3 4 |  4.7
Poison Magic   | 1 2 3 4 |  4.7
Stealth        | 3 4 5 6 |  6.2
Fighting       | 5 6 7 |  7.4
Dodging        | 5 6 7 |  7.4
Ranged Weapons | 9 10 | 10.3

Action                     |  1- 3 |  4- 6 |  7- 9 | 10-12 || total
---------------------------+-------+-------+-------+-------++-------
  Melee: Whip              |       |    17 |       |       ||    17
         Bite              |       |     4 |       |       ||     4
         Punch             |       |     1 |       |       ||     1
   Fire: Shortbow          |   104 |   162 |   353 |       ||   619
         Arbalest          |       |       |    26 |   100 ||   126
  Throw: Javelin           |       |     9 |       |       ||     9
         Boomerang         |       |     2 |       |       ||     2
   Cast: Poisonous Vapours |       |       |    19 |     4 ||    23
         Call Canine Famil |       |       |    12 |     7 ||    19
         Mephitic Cloud    |       |       |     1 |     5 ||     6
         Summon Guardian G |       |       |       |     4 ||     4
  Evoke: Wand              |       |       |       |     1 ||     1
    Use: Scroll            |       |     5 |     7 |     3 ||    15
         Potion            |       |     1 |       |     3 ||     4
 Armour: Leather armour    |     6 |    43 |    68 |    41 ||   158
  Dodge: Dodged            |    20 |    92 |   182 |   146 ||   440
